 Dungeon Crawl Stone Soup version 0.30-a0-845-g7c6808c8ce (webtiles) character file.

Game seed: 12347572599330284706

62 jimonade the Magician (level 4, -7/33 HPs)
             Began as a Djinni Warper on Mar 3, 2023.
             Mangled by a gnoll
             ... wielding a +0 flail
              (13 damage)
             ... on level 2 of the Dungeon.
             The game lasted 00:02:44 (1426 turns).

jimonade the Magician (Djinni Warper)               Turns: 1426, Time: 00:02:45

Health: -7/33      AC:  3    Str: 12    XL:     4   Next: 28%
Gold:   111        EV: 12    Int: 14    God:
                   SH:  5    Dex: 13

rFire   + + .      SeeInvis .    a - +0 falchion
rCold   x . .      Faith    .    (no shield)
rNeg    . . .      Spirit   .    b - +0 leather armour
rPois   ∞          Reflect  +    (no helmet)
rElec   .          Rampage  .    (no cloak)
rCorr   .                        (no gloves)
Will    .....                    (boots unavailable)
Stlth   +                        n - amulet of reflection
HPRegen 0.25/turn                (no ring)
MPRegen 0.00/turn                (no ring)

@: flying
A: sickness immunity, fire resistance 2, cold vulnerability 1, float, innate
caster, HP casting, extra vitality 1
a: no special abilities


You were on level 2 of the Dungeon.
You visited 1 branch of the dungeon, and saw 2 of its levels.

You collected 111 gold pieces.

Inventory:

Hand Weapons
 a - a +0 falchion (weapon)
 o - a +0 spear
Missiles
 d - 7 boomerangs of dispersal
 e - 12 poisoned darts
Armour
 b - a +0 leather armour (worn)
Jewellery
 n - an amulet of reflection (around neck)
Scrolls
 c - a scroll of blinking
 f - 2 scrolls of enchant armour {unknown}
Potions
 g - 3 potions of curing {unknown}
 h - 2 potions of invisibility {unknown}
 i - a potion of degeneration {unknown}
 j - 2 potions of berserk rage {unknown}
 k - a potion of flight {unknown}
 l - a potion of heal wounds {unknown}
 m - a potion of attraction {unknown}


   Skills:
 + Level 2.3 Fighting
 + Level 2.1 Long Blades
 + Level 0.7 Throwing
 + Level 2.0 Armour
 + Level 2.2 Dodging
 * Level 3.1 Spellcasting


You knew the following spells:

 Your Spells              Type           Power      Damage    Failure   Level
a - Blink                 Tloc           20%        N/A       12%         2
b - Lesser Beckoning      Tloc           20%        N/A       12%         2
c - Vhi's Electric Charg  Tloc/Air       20%        N/A       22%         3
d - Teleport Other        Tloc           10%        N/A       22%         3
e - Manifold Assault      Tloc           10%        N/A       58%         4
f - Necrotise             Necr           40%        1d6       8%          1
Your spell library was empty.

Dungeon Overview and Level Annotations

Branches:
Dungeon (2/15)

Altars:


Innate Abilities, Weirdness & Mutations

You are immune to sickness and miasma.
You are immune to poison.
Your flesh is very heat resistant. (rF++)
You are vulnerable to cold. (rC-)
You float through the air rather than walking.
You learn spells naturally, not from books.
Your magical power is your life essence.
You have superior vitality. (+4 MHP)


Message History

Your gnoll skeleton hits the gnoll.
The gnoll barely misses your gnoll skeleton.
The gnoll hits your gnoll skeleton with a +0 flail!
Your gnoll skeleton is destroyed!
The gnoll throws a throwing net.
You reflect the throwing net off an invisible shield around you!
The throwing net hits the gnoll.
The gnoll is caught in the net!
The gnoll struggles against the net.
The gnoll struggles to resist.
The gnoll struggles against the net.
The gnoll struggles to resist.
The gnoll struggles against the net.
The gnoll writhes in agony.
The gnoll struggles against the net.
A gnoll comes into view. It is wielding a +0 halberd.
The gnoll shouts!
You hear a shout!
The gnoll struggles against the net.
The net rips apart, and the gnoll comes free!
You block the gnoll's attack.
You hit the gnoll.
The gnoll is heavily wounded.
The gnoll barely misses you. The gnoll completely misses you.
You slash the gnoll!
The gnoll is almost dead.
The gnoll barely misses you. The gnoll closely misses you.
You hit the gnoll but do no damage.
The gnoll is almost dead.
You block the gnoll's attack.
The gnoll hits you from afar with a +0 halberd.
You closely miss the gnoll.
The gnoll is almost dead.
The gnoll hits you with a +0 flail! You block the gnoll's attack.
You are too injured to fight recklessly!
The gnoll attacks as you move away! The gnoll closely misses you.
A gnoll comes into view. It is wielding a +0 whip.
The gnoll attacks as you move away! You block the gnoll's attack.
The gnoll attacks as you move away! The gnoll hits you with a +0 flail!
* * * LOW HITPOINT WARNING * * *
The gnoll attacks as you move away! The gnoll closely misses you.
The gnoll attacks as you move away! The gnoll hits you with a +0 flail.
* * * LOW HITPOINT WARNING * * *
The gnoll attacks as you move away! The gnoll hits you with a +0 flail!
You die...

#.# #.# #.# #.#
#.###.# #.# #.....#
####:# ####..# #....#
#..# ##.#### ##..#
#...# ##...# #...#
#########....########
#...#
#.gg@...........<....
###.#
#.#######....########
#####.# #.# ##...# #
....#.# #.#
##..########
#g#.#######g#
#..........
#..#...g....#
#.########.
###.#######.# #.# #.
#.........# ####.# #.
########..##
#....########.


You could see 2 gnolls.

Vanquished Creatures
  A gnoll (D:2)
  3 adders (D:2)
  5 ball pythons
  3 bats (D:2)
  2 endoplasms (D:2)
  4 hobgoblins
  A kobold (D:1)
  3 frilled lizards
  2 goblins (D:2)
  4 rats (D:2)
28 creatures vanquished.

Notes
Turn   | Place    | Note
-------+----------+-------------------------------------------
     0 | D:1      | jimonade the Djinni Warper began the quest for the Orb.
     0 | D:1      | jimonade set off with the following spells memorised:
                  | Blink, Lesser Beckoning, Vhi's Electric Charge, Teleport
                  | Other, Manifold Assault.
     0 | D:1      | Reached XP level 1. HP: 18/18 MP: 0/0
   612 | D:2      | Reached XP level 2. HP: 20/23 MP: 0/0
  1036 | D:2      | Reached XP level 3. HP: 20/28 MP: 0/0
  1036 | D:2      | Learned a level 1 spell: Necrotise
  1300 | D:2      | Reached XP level 4. HP: 25/33 MP: 0/0
  1394 | D:2      | Reached skill level 3 in Spellcasting
  1426 | D:2      | Mangled by a gnoll

Illustrated notes

Levels and vault maps discovered:
D:1:      giann_forest_graveyard, layout_loops_ring
D:2:      layout_loops_ring

Skill      XL: |  1  2  3  4 |
---------------+-------------+-----
Long Blades    | 2 |  2.1
Armour         | 2 |  2.0
Spellcasting   | 3 |  3.1
Fighting       | |  2.3
Throwing       | |  0.7
Dodging        | |  2.2

Action                     |  1- 3 |  4- 6 || total
---------------------------+-------+-------++-------
  Melee: Falchion          |   120 |     9 ||   129
   Cast: Necrotise         |     2 |     7 ||     9
 Armour: Leather armour    |    49 |     3 ||    52
  Dodge: Dodged            |    90 |     7 ||    97
  Block: Other             |       |     6 ||     6
         Reflection        |       |     1 ||     1

Table legend: (Time is in decaauts)
 A = Elapsed time spent in this place.
 B = Non-inter-level travel time spent in this place.
 C = Inter-level travel time spent in this place.
 D = Time resting spent in this place.
 E = Time spent auto-exploring this place.
 F = Levels seen in this place.
 G = Mean time per level.
                   A        B        C        D        E       F      G
               +--------+--------+--------+--------+--------+-----+--------+
         Total |   1453 |   1399 |     54 |     53 |    989 |   2 |  726.5 |
       Dungeon |   1453 |   1399 |     54 |     53 |    989 |   2 |  726.5 |
               +--------+--------+--------+--------+--------+-----+--------+

Top non-repeatable levels by time:
     D:2: 759 daAuts
     D:1: 693 daAuts
